 Dungeon Crawl Stone Soup version 0.14-a0-2340-g8df0fbc (webtiles) character file.

4196 Herrn the Fighter (level 10, 0/86 HPs)
             Began as a Djinni Fighter on Jan 30, 2014.
             Was a Priest of Makhleb.
             Slain by an orc knight
             ... wielding a +1,+2 orcish battleaxe
              (24 damage)
             ... on Level 7 of the Dungeon.
             The game lasted 00:45:11 (9071 turns).

Herrn the Fighter (Djinni Fighter)                  Turns: 9071, Time: 00:45:12

HP   0/86 (76)   AC 16     Str 18      XL: 10   Next:  0%
MP   0/0         EV  8     Int  8      God: Makhleb [***...]
Gold 318         SH  0     Dex 15      Spells:  0 memorised,  9 levels left

rFire  + + +     SeeInvis .     d - +2,+0 orc flail (protect)
rCold  . . .     Clarity  .     I - +3 elf scale mail {rC+}
rNeg   + + +     Conserve .     (no shield)
rPois  .         rCorr    .     v - +2 hat
rElec  .         rRot     .     (no cloak)
SustAb . .       Spirit   .     (no gloves)
rMut   .         Warding  .     (boots unavailable)
Saprov . . .     Stasis   .     (no amulet)
MR     .....                    (no ring)
                                (no ring)

@: flying, not resistant to hostile enchantments, extremely unstealthy
A: fire immunity, cold vulnerability, life protection 3
a: Minor Destruction, Lesser Servant of Makhleb, Renounce Religion


You were on level 7 of the Dungeon.
You worshipped Makhleb.
Makhleb was most pleased with you.
You were not hungry.

You visited 1 branch of the dungeon, and saw 7 of its levels.

You collected 318 gold pieces.

Inventory:

Hand weapons
 a - a +0,+0 mace
 c - a +1,-1 orcish flail
 d - a +2,+0 orcish flail of protection (weapon)
 g - a +1,+1 orcish mace
 j - a -1,+1 orcish flail
 s - a +1,+1 whip
 t - a +0,+2 orcish whip
 u - a +0,+0 flail
Armour
 f - a +0 orcish plate armour
 v - a +2 hat (worn)
 E - a +0 shield
 I - a +3 elven scale mail of cold resistance (worn)
Magical devices
 x - a wand of digging (16)
 y - a wand of cold (0)
 F - a wand of random effects (0)
 H - a wand of fireball (1)
Scrolls
 k - 5 scrolls of teleportation
 m - 2 scrolls of enchant armour
 n - 3 scrolls of magic mapping
 r - a scroll of amnesia
Jewellery
 b - an uncursed ring of protection from fire {unknown}
Potions
 e - a potion of curing
Books
 w - a book of the Earth

   Spells                             Type                      Level
   Dig                                Earth                        4
   Leda's Liquefaction                Hexes/Earth                  4
   Bolt of Magma                      Conjuration/Fire/Earth       5
   Statue Form                        Transmutation/Earth          6
   Iron Shot                          Conjuration/Earth            6
   Shatter                            Earth                        9


   Skills:
 * Level 9.9 Fighting
 + Level 9.4 Maces & Flails
 - Level 3.2 Armour
   Level 3.0 Shields
 * Level 2.4 Invocations
 + Level 3.0 Evocations


You had 9 spell levels left.
You didn't know any spells.

Dungeon Overview and Level Annotations

Branches:
Dungeon (7/16)             Temple (0/1) D:6

Altars:
Cheibriados
Kikubaaqudgha
Makhleb
Nemelex Xobeh
Okawaru
Sif Muna
Xom
Yredelemnul

Shops:
D:4 (


Innate Abilities, Weirdness & Mutations

You are immune to all types of fire, even holy and hellish.
You are vulnerable to cold.
You need no food.
You have no legs.
You are immune to negative energy.


Message History

Makhleb accepts your kill.
You feel a little better.
The orc knight shoots a bolt.
The bolt hits you!
The orc knight shoots a bolt.
The bolt hits you!
You see here a bolt.
The orc knight shoots a bolt.
The bolt hits you!
You see here a bolt.
You see here a bolt.
The orc knight shoots a bolt.
The bolt hits you!
You see here a bolt.
The orc knight shouts!
The orc knight shoots a bolt.
The bolt hits you!
* * * LOW HITPOINT WARNING * * *
The orc knight shoots a bolt.
The bolt misses you.
You see here a bolt.
The orc knight hits you with an orcish battleaxe.
* * * LOW HITPOINT WARNING * * *
The orc shouts!
The orc knight roars a battle-cry!
The orc goes into a battle-frenzy!
The orc knight hits you with an orcish battleaxe!
You die...

# #........................... #
#...######...#####'#####.... #
#...# #...#.........#....
######(<.# #...#.........#....
......(..# #...#.........#....
.........# #...#.........#....
...).....# #...#.........#....
...).....######...######'####....
................@o...............
......##########.o....[.o)<......
......# #.................
#.....# #.........).......
#.....# #...[.............
#.....# #.................
#.....##########......)########..
#......................# #..
#......................# #..


You could see 2 orc knights and an orc (frenzied).

Vanquished Creatures
  The ghost of Bastard the Cudgeler, an experienced FoHu (D:5)
  Edmund (D:5)
  Menkaure (D:6)
  An orc warrior (D:7)
  A phantom (D:5)
  An ice beast (D:7)
  3 ogres
  A centaur (D:7)
  13 wargs (D:7)
  Sigmund (D:2)
  Duvessa (D:6)
  A water moccasin (D:7)
  2 giant frogs
  A goliath beetle (D:6)
  5 crimson imps
  6 hounds
  2 jellies
  A giant frog skeleton (D:4)
  5 orc priests
  A centaur skeleton (D:6)
  An iguana (D:6)
  2 halflings (D:1)
  2 scorpions
  5 orc wizards
  4 worker ants
  A sky beast zombie (D:5)
  Ijyb (D:2)
  A hound skeleton (D:4)
  4 gnolls (D:4)
  9 adders
  3 worms
  An iguana zombie (D:5)
  5 giant geckos
  An ooze (D:2)
  30 orcs
  2 bat skeletons
  A giant cockroach (D:2)
  15 goblins
  11 hobgoblins
  3 jackals (D:1)
  3 quokkas
  17 bats
  3 giant newts
  14 kobolds
  A kobold skeleton (D:6)
  14 rats
  A bush (D:1)
  A plant (D:1)
205 creatures vanquished.

Vanquished Creatures (collateral kills)
  Dowan (D:6)
  A bat (D:6)
2 creatures vanquished.

Vanquished Creatures (others)
  A halfling (D:1)
1 creature vanquished.

Grand Total: 208 creatures vanquished

Notes
Turn   | Place    | Note
--------------------------------------------------------------
     0 | D:1      | Herrn, the Djinni Fighter, began the quest for the Orb.
     0 | D:1      | Reached XP level 1. HP: 16/16 MP: 0/0
   180 | D:1      | Reached XP level 2. EP: 20/23
   348 | D:1      | Reached XP level 3. EP: 29/29
   362 | D:1      | Reached skill level 4 in Fighting
   362 | D:1      | Reached XP level 4. EP: 37/37
   897 | D:2      | Found an ancient bone altar of Kikubaaqudgha.
  1094 | D:2      | Noticed Ijyb
  1121 | D:2      | Killed Ijyb
  1538 | D:2      | Noticed Sigmund
  1564 | D:2      | Killed Sigmund
  1564 | D:2      | Reached skill level 5 in Fighting
  1564 | D:2      | Reached XP level 5. EP: 9/44
  2092 | D:3      | Found an iron altar of Okawaru.
  2140 | D:3      | Reached XP level 6. EP: 51/51
  2866 | D:3      | Found a burning altar of Makhleb.
  2866 | D:3      | Found a basalt altar of Yredelemnul.
  2866 | D:3      | Found a deep blue altar of Sif Muna.
  2866 | D:3      | Found a snail-covered altar of Cheibriados.
  2874 | D:3      | Reached skill level 6 in Fighting
  2892 | D:3      | Became a worshipper of Makhleb the Destroyer
  3290 | D:4      | Reached XP level 7. EP: 21/59
  3725 | D:4      | Reached skill level 5 in Maces & Flails
  3829 | D:4      | Acquired Makhleb's first power
  4001 | D:4      | Reached skill level 7 in Fighting
  4072 | D:4      | Found Kyiniwyu's Weapon Emporium.
  4206 | D:5      | Entered Level 5 of the Dungeon
  4219 | D:5      | Noticed Bastard's ghost (experienced FoHu)
  4427 | D:5      | Killed Bastard's ghost
  4427 | D:5      | Reached XP level 8. EP: 39/69
  4609 | D:5      | Got a polished quarterstaff
  4804 | D:5      | Found a sparkling altar of Nemelex Xobeh.
  5003 | D:5      | Reached skill level 8 in Fighting
  5113 | D:5      | Noticed Edmund
  5142 | D:5      | Killed Edmund
  5422 | D:5      | Found a burning altar of Makhleb.
  5429 | D:5      | Reached skill level 1 in Evocations
  5544 | D:6      | Found a staircase to the Ecumenical Temple.
  5940 | D:6      | Acquired Makhleb's second power
  5974 | D:6      | Reached XP level 9. EP: 77/77
  6028 | D:6      | Noticed Menkaure
  6039 | D:6      | Killed Menkaure
  6203 | D:6      | Found a shimmering altar of Xom.
  6259 | D:6      | Noticed Duvessa
  6261 | D:6      | Noticed Dowan
  6277 | D:6      | Killed Dowan
  6376 | D:6      | Killed Duvessa
  7315 | D:7      | Reached skill level 9 in Fighting
  7596 | D:7      | Reached skill level 1 in Invocations
  8186 | D:7      | Acquired Makhleb's third power
  8449 | D:6      | Identified the cursed +3,-2 quarterstaff of the Traitor {crush, Str+2 Dex+3} (You found it on level 5 of the Dungeon)
  8740 | D:7      | Noticed an orc knight
  9018 | D:7      | Noticed an orc knight
  9032 | D:7      | Reached XP level 10. EP: 73/86
  9071 | D:7      | Slain by an orc knight

Action                   |  1- 3 |  4- 6 |  7- 9 | 10-12 || total
-------------------------+-------+-------+-------+-------++-------
Melee: Mace              |   106 |   467 |    33 |       ||   606
       Whip              |       |       |   867 |       ||   867
       Flail             |       |       |    68 |     3 ||    71
Evoke: Wand              |       |       |    26 |       ||    26
  Use: Potion            |       |     5 |     9 |       ||    14
       Scroll            |       |       |    16 |       ||    16
